Map: Ever Dream LE

Players

GunGFuBanDa

  • Race: Protoss Protoss
  • League: Grandmaster
  • Spawn Location: 1:00

Kelazhur - Winner!

  • Race: Terran Terran
  • League: Master
  • Spawn Location: 7:00

Event: StayAtHomestory Cup #1

VOD

Have the link to the VOD?

Description

Time

  • Played on: April 10, 2020, 6:42 a.m.
  • Length: 14:18

All games in this series

Show
View Real Time Build Order
Export as new Build Order

GunGFuBanDa Protoss 

Build Orders: 1 Gate Expand, Blink Stalkers 

Get SALT Encoding   

  12  0:00  Probe  
  13  0:12  Probe  
  14  0:17  Pylon  
  14  0:24  Probe (Chrono Boost)  
  16  0:37  Probe (Chrono Boost), Gateway  
  16  0:42  Probe (Chrono Boost)  
  16  0:46  Assimilator  
  17  0:52  Probe  
  18  1:04  Probe  
  19  1:16  Probe  
  20  1:24  Cybernetics Core  
  20  1:34  Nexus  
  20  1:41  Probe  
  20  1:44  Pylon  
  21  1:49  Assimilator  
  21  1:53  Probe  
  22  1:59  Adept (Chrono Boost)  
  22  2:02  Warp Gate  
  22  2:05  Probe  
  25  2:18  Probe  
  25  2:22  Sentry  
  28  2:30  Probe (Chrono Boost)  
  29  2:37  Twilight Council  
  29  2:39  Probe (Chrono Boost)  
  30  2:46  Probe (Chrono Boost)  
  30  2:48  Stalker  
  30  2:49  Probe (Chrono Boost)  
  34  2:55  Probe (Chrono Boost)  
  34  2:58  Probe (Chrono Boost)  
  36  3:00  Probe (Chrono Boost)  
  37  3:08  Probe  
  37  3:10  Gateway  
  37  3:12  Probe  
  39  3:16  Blink (Chrono Boost)  
  39  3:20  Probe  
  39  3:23  Gateway  
  39  3:24  Probe  
  41  3:32  Probe  
  44  3:37  Pylon  
  44  3:38  Probe  
  45  3:46  Cybernetics Core  
  45  3:47  Probe  
  45  3:56  Stalker  
  45  3:58  Probe  
  47  4:03  Probe  
  47  4:08  Stalker  
  50  4:10  Probe, Assimilator  
  50  4:14  Robotics Facility  
  50  4:15  Probe  
  52  4:19  Stalker  
  54  4:24  Pylon  
  54  4:26  Gateway  
  54  4:30  Pylon  
  54  4:31  Probe  
  50  4:43  Probe  
  50  4:44  Stalker  
  50  4:45  Stalker x2  
  56  4:46  Probe  
  57  4:55  Probe  
  58  5:02  Observer (Chrono Boost)  
  58  5:04  Probe  
  60  5:13  Nexus  
  60  5:14  Warp Prism (Chrono Boost)  
  60  5:15  Pylon  
  62  5:25  Stalker x3  
  68  5:29  Charge (Chrono Boost), Stalker  
  70  5:38  Probe  
  70  5:39  Probe  
  72  5:50  Probe  
  72  5:52  Pylon, Observer  
  73  5:57  Probe  
  73  6:00  Observer  
  73  6:03  Probe  
  75  6:09  Probe, Pylon, Forge  
  75  6:10  Stalker  
  75  6:11  Stalker x3  
  84  6:17  Probe  
  84  6:28  Probe (Chrono Boost)  
  84  6:31  Probe (Chrono Boost)  
  84  6:32  Probe (Chrono Boost)  
  87  6:33  Forge  
  87  6:39  Gateway  
  88  6:40  Probe (Chrono Boost)  
  88  6:42  Probe (Chrono Boost)  
  88  6:43  Protoss Ground Armor Level 1 (Chrono Boost)  
  88  6:44  Probe (Chrono Boost)  
  90  6:47  Probe x2 (Chrono Boost)  
  90  6:48  Zealot x4  
  100  6:55  Observer  
  99  7:05  Probe  
  99  7:06  Probe x2  
  102  7:08  Gateway  
  102  7:16  Protoss Ground Weapons Level 1 (Chrono Boost)  
  102  7:23  Immortal (Chrono Boost)  
  102  7:24  Probe  
  102  7:26  Pylon x2  
  102  7:29  Gateway  
  107  7:31  Gateway  
  107  7:32  Sentry  
  107  7:36  Pylon  
  109  7:37  Probe, Pylon, Gateway  
  109  7:39  Pylon  
  109  7:41  Pylon  
  100  7:47  Observer  
  100  7:52  Observer  
  100  7:59  Zealot x5  
  100  8:00  Immortal (Chrono Boost)  
  100  8:01  Robotics Bay  
  100  8:02  Assimilator  
  114  8:05  Observer  
  114  8:07  Pylon  
  114  8:12  Probe x2  
  116  8:13  Assimilator  
  116  8:17  Protoss Ground Armor Level 2 (Chrono Boost)  
  116  8:20  Pylon  
  116  8:24  Zealot  
  116  8:25  Zealot  
  118  8:29  Zealot x6  
  130  8:38  Observer (Chrono Boost)  
  131  8:49  Colossus (Chrono Boost)  
  135  8:56  Pylon  
  121  9:04  Probe  
  121  9:06  Probe x2  
  121  9:07  Extended Thermal Lance  
  122  9:15  Zealot x3  
  128  9:18  Nexus  
  128  9:21  Protoss Ground Weapons Level 2 (Chrono Boost), Pylon  
  128  9:22  Zealot x6  
  140  9:30  Pylon  
  140  9:35  Unknown  
  140  9:37  Colossus  
  146  9:44  Zealot x5  
  154  9:58  Zealot x2  
  154  9:59  Zealot x2  
  156  10:06  Stalker x4  
  164  10:13  Stalker  
  166  10:16  Probe x2  
  166  10:17  Observer  
  166  10:19  Zealot x3  
  168  10:22  Stalker  
  168  10:23  Probe  
  168  10:28  Probe  
  168  10:29  Colossus (Chrono Boost)  
  174  10:37  Templar Archives  
  174  10:46  Sentry  
  174  10:47  Sentry  
  176  11:05  Probe x2  
  176  11:07  Zealot x7  
  176  11:10  Warp Prism (Chrono Boost)  
  194  11:12  Dark Shrine  
  194  11:22  Pylon  
  191  11:27  Zealot x4  
  199  11:37  Zealot x2  
  193  11:44  Zealot x3  
  187  11:51  Probe  
  187  11:52  Probe  
  187  11:53  Pylon  
  187  11:54  Pylon  
  173  11:56  Gateway  
  173  11:58  Gateway  
  167  12:03  Colossus (Chrono Boost)  
  163  12:11  High Templar x2  
  163  12:12  High Templar x2, Sentry  
  163  12:13  Zealot x3  
  179  12:16  Archon x2  
  149  12:40  Zealot x3  
  117  12:49  Dark Templar, Zealot x2  
  117  12:50  Zealot  
  123  12:53  Colossus (Chrono Boost)  
  123  12:56  Stalker x2  
  132  12:59  Nexus  
  132  13:05  Dark Templar  
  132  13:06  Dark Templar  
  132  13:08  Dark Templar  
  132  13:09  Zealot  
  132  13:10  Zealot  
  140  13:19  Forge  
  140  13:24  Robotics Facility  
  140  13:28  High Templar, Sentry  
  140  13:29  High Templar  
  140  13:32  Colossus (Chrono Boost)  
  140  13:33  Archon  
  144  13:39  Assimilator  
  148  13:43  Stalker x2  
  148  13:44  Zealot x3, Stalker  
  160  13:57  Zealot  
  148  14:05  Zealot x5  
Show
View Real Time Build Order
Export as new Build Order

Kelazhur Terran - Winner!

Build Orders: Gas First Reaper Expand 

Get SALT Encoding   

  12  0:00  SCV  
  13  0:12  SCV  
  14  0:16  Supply Depot  
  14  0:25  SCV  
  14  0:27  Refinery  
  15  0:38  SCV  
  16  0:44  Barracks  
  16  0:50  SCV  
  17  1:02  SCV  
  18  1:14  SCV  
  19  1:31  Reaper, Orbital Command  
  20  1:43  Command Center  
  20  1:54  Factory  
  20  1:57  SCV  
  21  2:05  Barracks Reactor  
  21  2:07  Supply Depot  
  21  2:11  SCV  
  22  2:18  Refinery  
  22  2:23  SCV  
  22  2:43  Starport  
  22  2:45  Hellion  
  22  2:46  Hellion  
  22  2:49  SCV  
  27  2:56  Orbital Command  
  27  3:02  SCV  
  28  3:07  Hellion x2  
  32  3:14  SCV  
  32  3:19  Barracks Tech Lab  
  33  3:20  Medivac  
  33  3:21  SCV  
  33  3:26  SCV  
  37  3:33  SCV  
  38  3:38  SCV  
  38  3:39  Supply Depot  
  39  3:46  SCV  
  39  3:47  Siege Tank  
  39  3:48  Marine x2  
  44  3:50  SCV  
  46  4:00  SCV  
  47  4:03  SCV  
  47  4:06  Marine x2  
  47  4:07  Supply Depot  
  50  4:14  SCV  
  50  4:16  SCV  
  52  4:20  Command Center  
  52  4:25  Marine  
  52  4:26  SCV  
  52  4:28  Marine  
  52  4:29  Siege Tank  
  55  4:38  SCV  
  55  4:40  SCV  
  55  4:43  Marine  
  53  4:46  Marine, Bunker, Barracks  
  53  4:48  Barracks  
  53  4:50  SCV  
  53  4:52  SCV  
  56  5:01  Marine  
  56  5:02  SCV  
  56  5:04  SCV, Marine  
  56  5:06  Refinery  
  60  5:14  SCV, Siege Tank  
  63  5:16  SCV  
  63  5:17  Engineering Bay  
  63  5:18  Engineering Bay  
  63  5:19  Marine  
  66  5:22  Marine  
  66  5:26  SCV  
  68  5:29  Refinery  
  68  5:32  SCV, Orbital Command  
  68  5:34  Barracks Tech Lab  
  68  5:35  Starport Reactor  
  69  5:39  SCV  
  69  5:41  Marine x2  
  72  5:53  Combat Shield, Stimpack, Marauder x2  
  72  5:56  SCV x2  
  72  5:57  Factory Reactor, Orbital Command, Terran Infantry Armor Level 1  
  78  6:00  Terran Infantry Weapons Level 1  
  78  6:02  Marine x2  
  80  6:08  SCV x2  
  82  6:20  SCV  
  82  6:21  SCV  
  82  6:23  Marine  
  85  6:27  Supply Depot  
  85  6:29  Supply Depot  
  85  6:31  Supply Depot  
  85  6:41  Armory  
  85  6:43  Marine  
  85  6:44  SCV  
  85  6:48  SCV, Widow Mine x2, Marauder  
  85  6:50  Medivac x2  
  85  6:51  Marauder  
  97  6:55  Orbital Command  
  97  6:56  SCV  
  97  7:00  SCV  
  99  7:05  Marine x2  
  98  7:10  Barracks, Marauder  
  98  7:12  Barracks, Marauder  
  99  7:17  SCV x2  
  99  7:20  SCV  
  99  7:21  Medivac  
  99  7:22  Barracks x2  
  100  7:25  Marine  
  100  7:27  Widow Mine  
  100  7:29  SCV x2  
  105  7:33  SCV  
  106  7:39  Marauder  
  106  7:41  SCV  
  109  7:50  Supply Depot x3  
  109  7:51  SCV, Supply Depot  
  109  7:52  Marine x2  
  109  7:53  Widow Mine x2, Marauder  
  109  7:54  SCV x2  
  117  8:01  Barracks Tech Lab  
  117  8:04  Refinery x2  
  117  8:11  SCV x2, Medivac x2  
  117  8:12  Marauder, Terran Infantry Weapons Level 2  
  125  8:13  Terran Infantry Armor Level 2  
  125  8:16  SCV  
  126  8:21  Supply Depot, Barracks Tech Lab  
  126  8:22  Barracks Reactor  
  126  8:23  SCV  
  126  8:25  Supply Depot  
  125  8:28  Marauder  
  125  8:29  Marauder  
  125  8:30  Widow Mine x2  
  125  8:33  Marine x2  
  137  8:34  Marauder  
  137  8:37  Concussive Shells  
  137  8:43  Bunker, Missile Turret  
  137  8:44  Medivac x2  
  143  8:48  Marauder  
  143  8:50  Marauder  
  143  8:52  Supply Depot  
  143  8:55  Marauder  
  138  9:04  Marine x2  
  138  9:08  Marine x2, Marauder  
  144  9:10  Marauder  
  144  9:11  Marine  
  144  9:13  Barracks  
  144  9:16  Marine  
  146  9:26  Medivac x2, Widow Mine x2  
  146  9:27  Supply Depot  
  146  9:29  Marine  
  155  9:32  Marine x3, Command Center  
  155  9:33  Supply Depot  
  155  9:37  Ghost Academy  
  158  9:40  Marauder  
  160  9:48  Supply Depot  
  160  9:49  Marauder  
  160  9:52  Supply Depot  
  160  9:59  Marauder x2  
  157  10:00  Marine x2  
  157  10:02  Marine, Medivac, Widow Mine x2, Marauder  
  157  10:03  Marine  
  166  10:21  Marine, Marauder x2  
  166  10:25  Marine x3  
  178  10:36  Terran Infantry Armor Level 3, Terran Infantry Weapons Level 3  
  178  10:43  Marine  
  178  10:44  Barracks Tech Lab  
  178  10:45  Barracks Reactor  
  178  10:46  Marine x3  
  184  10:50  Marauder  
  184  10:52  Unknown x2  
  184  10:53  Marauder  
  178  10:59  Marauder  
  179  11:04  SCV  
  179  11:05  SCV x2  
  179  11:11  Marauder, Unknown  
  184  11:12  Marauder  
  184  11:13  Marine  
  184  11:14  Marine x3  
  184  11:15  Unknown  
  190  11:26  Marine x2  
  190  11:31  Marine, Planetary Fortress  
  190  11:32  Missile Turret  
  197  11:38  Marauder  
  189  11:42  Unknown  
  189  11:43  Marauder  
  184  11:47  Marine  
  184  11:48  Viking x2, Orbital Command  
  185  11:54  Unknown  
  185  11:55  Marauder  
  185  11:59  Marine, Marauder  
  185  12:01  Marine, Marauder, Unknown  
  186  12:04  Marauder  
  182  12:15  SCV x3  
  185  12:16  Marauder  
  185  12:21  Marauder  
  186  12:27  Marauder, Command Center  
  166  12:39  Marauder  
  166  12:43  Marauder  
  157  12:46  Marine  
  157  12:47  Marine x5, Marauder  
  157  12:48  Medivac x2, Widow Mine x2, Marauder  
  170  13:00  Marauder  
  170  13:04  Marine  
  171  13:06  Marine x2  
  171  13:07  Marine x3  
  171  13:08  Marauder  
  171  13:09  Marine, Widow Mine x2  
  171  13:10  Marauder  
  185  13:13  Fusion Core  
  185  13:15  Starport  
  185  13:21  Marine, Sensor Tower  
  185  13:22  Marine, Missile Turret  
  185  13:23  Sensor Tower, Missile Turret  
  185  13:24  Marine x3  
  190  13:27  Marine  
  190  13:29  Marauder  
  190  13:31  Marauder  
  193  13:37  Marine  
  193  13:40  Marauder x2  
  196  13:41  Missile Turret  
  196  13:51  Marine x2, Marauder  
Tags
 
Add a new tag
Caveats
  • Supply blocks, unpowered buildings, or Contaminate may cause inaccurate times.
  • Supply counts are checked every 10 seconds.